[Event "Late-Titled-Tuesday-Blitz-June-18-2024"]
[Site "Chess.com"]
[Date "2024.06.18"]
[Round "1"]
[White "XDPS"]
[Black "lrjchess"]
[Result "1-0"]
[WhiteElo "2892"]
[BlackElo "2487"]
[TimeControl "180+1"]
[EndTime "14:01:48 PDT"]
[Termination "XDPS won by resignation"]

1. d4 f6 2. Nf3 e6 3. e4 c6 4. Bd3 d5 5. O-O Bd6 6. Re1 Ne7 7. c4 dxe4 8. Bxe4 Nd7 9. Bc2 Nf8 10. Nc3 b6 11.
Ne4 Bc7 12. b4 Bb7 13. c5 Nd5 14. a3 a5 15. Bd2 b5 16. bxa5 Bxa5 17. Nd6+ 1-0

[Event "Late-Titled-Tuesday-Blitz-June-18-2024"]
[Site "Chess.com"]
[Date "2024.06.18"]
[Round "1"]
[White "Yaacovn"]
[Black "Pachonpower"]
[Result "1-0"]
[WhiteElo "2801"]
[BlackElo "2450"]
[TimeControl "180+1"]
[EndTime "14:01:52 PDT"]
[Termination "Yaacovn won by resignation"]

1. d4 d5 2. e3 Nf6 3. Bd3 e6 4. Nd2 Bd6 5. f4 b6 6. Qe2 Bb7 7. Ngf3 Ne4 8. Bxe4 dxe4 9. Ng5 O-O 10. O-O h6 11.
Ngxe4 f5 12. Nxd6 cxd6 13. c4 Nd7 14. b3 Nf6 15. Ba3 Re8 16. Rac1 e5 17. dxe5 dxe5 18.
fxe5 Rxe5 19. Bb2 Re6 20. Rxf5 Nd7 21. Qg4 Qe7 22. Rcf1 1-0

[Event "Late-Titled-Tuesday-Blitz-June-18-2024"]
[Site "Chess.com"]
[Date "2024.06.18"]
[Round "1"]
[White "micke12a"]
[Black "Sl4werThanYou"]
[Result "0-1"]
[WhiteElo "2383"]
[BlackElo "2711"]
[TimeControl "180+1"]
[EndTime "14:01:59 PDT"]
[Termination "Sl4werThanYou won by resignation"]

1. d4 Nf6 2. Bf4 b6 3. c4 e6 4. Nc3 Bb7 5. e3 d5 6. cxd5 exd5 7.
Nf3 Bd6 8. Ne5 O-O 9. Bd3 Re8 10.
g4 Nc6 11. h4 Nxe5 12. dxe5 Bxe5 13. g5 Bxf4 14. gxf6 Qxf6 15. Qh5 g6 16. Qg4 d4 17.
Ne2 Bxh1 18. Nxf4 dxe3 0-1

[Event "Late-Titled-Tuesday-Blitz-June-18-2024"]
[Site "Chess.com"]
[Date "2024.06.18"]
[Round "1"]
[White "Connectedcloud"]
[Black "only_strong_moves"]
[Result "0-1"]
[WhiteElo "2351"]
[BlackElo "2654"]
[TimeControl "180+1"]
[EndTime "14:02:19 PDT"]
[Termination "only_strong_moves won by resignation"]

1. e4 e5 2. Nf3 Nc6 3. Bb5 a6 4. Ba4 Nge7 5. c3 Ng6 6. d4 exd4 7. cxd4 d5 8. exd5 Bb4+ 9. Nc3 Bxc3+ 10. bxc3 Qxd5 11.
O-O O-O 12. Bb3 Qh5 13. Ba3 Bg4 14. Bxf8 Nh4 15. Bd5 Qxd5 16. c4 Qh5 17. Bc5 Nxf3+ 0-1

[Event "Late-Titled-Tuesday-Blitz-June-18-2024"]
[Site "Chess.com"]
[Date "2024.06.18"]
[Round "1"]
[White "lamomiajunior"]
[Black "wild3000"]
[Result "1-0"]
[WhiteElo "2698"]
[BlackElo "2375"]
[TimeControl "180+1"]
[EndTime "14:02:25 PDT"]
[Termination "lamomiajunior won by resignation"]

1. e4 e5 2. Nf3 Nc6 3. Bc4 Be7 4. d3 Nf6 5. Nc3 O-O 6. a3 d6 7. O-O Bg4 8. h3 Bh5 9. Be3 Nd4 10. g4 Nxf3+ 11.
Qxf3 Bg6 12. Qg3 c6 13. Ba2 Qc7 14. f4 exf4 15. Qxf4 Nd7 16. Qg3 Bf6 17. h4 h5 18.
gxh5 Bxh5 19. Rf5 Bg6 20. Qxg6 1-0

[Event "Late-Titled-Tuesday-Blitz-June-18-2024"]
[Site "Chess.com"]
[Date "2024.06.18"]
[Round "1"]
[White "HajiyevKanan"]
[Black "Boudicca64"]
[Result "1-0"]
[WhiteElo "2540"]
[BlackElo "1881"]
[TimeControl "180+1"]
[EndTime "14:02:40 PDT"]
[Termination "HajiyevKanan won by resignation"]

1. d4 Nf6 2. Nf3 g6 3. c4 Bg7 4. g3 d6 5. Bg2 O-O 6. O-O c5 7.
b3 Nc6 8. Bb2 Qb6 9. d5 Na5 10.
Bc3 Nd7 11. Qd2 Bxc3 12. Nxc3 Qd8 13. Qh6 Nf6 14. Ng5 Bf5 15. e4 Bd7 16. e5 dxe5 17. Nce4 1-0

[Event "Late-Titled-Tuesday-Blitz-June-18-2024"]
[Site "Chess.com"]
[Date "2024.06.18"]
[Round "1"]
[White "Bob_2004"]
[Black "duone"]
[Result "1-0"]
[WhiteElo "2757"]
[BlackElo "2430"]
[TimeControl "180+1"]
[EndTime "14:02:48 PDT"]
[Termination "Bob_2004 won by resignation"]

1. d4 Nf6 2. c4 g6 3. Nc3 Bg7 4. Nf3 O-O 5. Bg5 c5 6. e3 b6 7. Be2 Bb7 8. O-O d5 9. dxc5 bxc5 10. cxd5 Nxd5 11. Nxd5 Bxd5 12. Bxe7 Qxe7 13. Qxd5 Nd7 14.
Rad1 Rad8 15. b3 Ne5 16. Qe4 Nxf3+ 17. Bxf3 Qxe4 18. Bxe4 Rxd1 19. Rxd1 Re8 20. Bc6 Rc8 21. Bb5 Kf8 22. Rd7 Rb8 23. Bc4 Rb6 24. Rxf7+ Kg8 25. Rxa7+ Kf8 26. Rf7+ Kg8 27. Rb7+ 1-0

[Event "Late-Titled-Tuesday-Blitz-June-18-2024"]
[Site "Chess.com"]
[Date "2024.06.18"]
[Round "1"]
[White "campochess"]
[Black "bazar-wokzal"]
[Result "0-1"]
[WhiteElo "2196"]
[BlackElo "2590"]
[TimeControl "180+1"]
[EndTime "14:02:55 PDT"]
[Termination "bazar-wokzal won by checkmate"]

1. e4 Nc6 2. Nf3 d5 3. Nc3 d4 4. Ne2 d3 5. Ng3 dxc2 6. Qxc2 e5 7. Bb5 Bd6 8. Nf5 Bxf5 9. exf5 Ne7 10. f6 gxf6 11. O-O a6 12. Be2 Qd7 13. b3 O-O-O 14. Bb2 Rdg8 15. Kh1 Kb8 16. Rac1 Qg4 17. Rg1 e4 18.
Nd4 Nxd4 19. Bxg4 Nxc2 20. Bh3 Nb4 21. Rc4 Nd3 22. Bxf6 Nxf2# 0-1

[Event "Late-Titled-Tuesday-Blitz-June-18-2024"]
[Site "Chess.com"]
[Date "2024.06.18"]
[Round "1"]
[White "scrambleyourbrain"]
[Black "NMJeevanK"]
[Result "0-1"]
[WhiteElo "2389"]
[BlackElo "2713"]
[TimeControl "180+1"]
[EndTime "14:03:13 PDT"]
[Termination "NMJeevanK won by resignation"]

1. e4 e5 2. Nf3 Nc6 3. Bb5 a6 4. Ba4 b5 5. Bb3 Na5 6. O-O d6 7. d4 exd4 8. Nxd4 Bb7 9. c3 Nxb3 10. axb3 Nf6 11. f3 Be7 12. Nf5 O-O 13. Nxe7+ Qxe7 14. Re1 Rfe8 15. Be3 d5 16. exd5 Nxd5 17. Bf2 Qg5 18. Nd2 Nf4 19. Bg3 Nd3 20. Rxe8+ Rxe8 21. Qc2 Qc5+ 22.
Kf1 Qe3 23. Rd1 c5 24. Ne4 Bxe4 25. fxe4 c4 26. bxc4 bxc4 27. Bf2 Qxe4 28. Kg1 h6 29. Bd4 Qe1+ 0-1

[Event "Late-Titled-Tuesday-Blitz-June-18-2024"]
[Site "Chess.com"]
[Date "2024.06.18"]
[Round "1"]
[White "Chessdemon2019"]
[Black "ManMish2"]
[Result "0-1"]
[WhiteElo "2369"]
[BlackElo "2674"]
[TimeControl "180+1"]
[EndTime "14:03:25 PDT"]
[Termination "ManMish2 won by resignation"]

1. d4 d5 2. c4 e6 3. Nc3 Be7 4. g3 Nf6 5. Bg2 O-O 6. Nf3 dxc4 7. O-O c5 8. Qa4 cxd4 9. Rd1 Nc6 10. Qxc4 e5 11.
e3 Bg4 12. Nxd4 exd4 13. Bxc6 Bxd1 14. Bxb7 dxc3 0-1

[Event "Late-Titled-Tuesday-Blitz-June-18-2024"]
[Site "Chess.com"]
[Date "2024.06.18"]
[Round "1"]
[White "Mischuk_D"]
[Black "NajdorfPlayerc5"]
[Result "1-0"]
[WhiteElo "2756"]
[BlackElo "2426"]
[TimeControl "180+1"]
[EndTime "14:03:35 PDT"]
[Termination "Mischuk_D won by resignation"]

1. d4 Nf6 2. c4 e6 3. Nc3 Bb4 4. f3 d5 5. a3 Be7 6. e4 dxe4 7. fxe4 c5 8. d5 exd5 9. exd5 O-O 10. Nf3 Bg4 11.
Be2 a6 12. O-O h6 13. Nd2 Bxe2 14. Qxe2 Bd6 15. Nde4 Nxe4 16. Nxe4 Qc7 17. Nxd6 Qxd6 18. Bf4 Qg6 19. Qe7 Qg4 20. Qxb7 Nd7 21. h3 1-0

[Event "Late-Titled-Tuesday-Blitz-June-18-2024"]
[Site "Chess.com"]
[Date "2024.06.18"]
[Round "1"]
[White "simaopdias"]
[Black "IMJonathanCarlstedt"]
[Result "0-1"]
[WhiteElo "2201"]
[BlackElo "2593"]
[TimeControl "180+1"]
[EndTime "14:03:45 PDT"]
[Termination "IMJonathanCarlstedt won by resignation"]

1. e4 c5 2. Nf3 d6 3. d4 cxd4 4.
Nxd4 Nf6 5. Nc3 g6 6. Be2 Bg7 7.
Be3 O-O 8. O-O Nc6 9. Nb3 Bd7 10. Qd2 a6 11. a4 Rc8 12. a5 Ne5 13. Bb6 Qe8 14. f3 Be6 15. Nd4 Bc4 16. Bd3 Nfd7 17. Ba7 Ra8 18. Bb6 Nxb6 19. axb6 Nxd3 20. cxd3 Bxd4+ 21.
Kh1 Be6 22. f4 f5 23. Nd5 Bxd5 24. exd5 Rc8 25. Rfe1 Bf6 26. d4 Qb5 0-1

[Event "Late-Titled-Tuesday-Blitz-June-18-2024"]
[Site "Chess.com"]
[Date "2024.06.18"]
[Round "1"]
[White "WilsonPalencia21"]
[Black "mfschulz"]
[Result "1-0"]
[WhiteElo "2586"]
[BlackElo "2186"]
[TimeControl "180+1"]
[EndTime "14:03:59 PDT"]
[Termination "WilsonPalencia21 won by resignation"]

1. d4 Nf6 2. c4 c5 3. d5 e6 4. Nf3 exd5 5. cxd5 d6 6. g3 a6 7. a4 g6 8. Bg2 Bg7 9. O-O O-O 10. Nc3 Re8 11. Nd2 Nbd7 12. h3 Rb8 13. Nc4 Nb6 14. Na3 Bd7 15. e4 Qc8 16. a5 Na8 17. Nc4 Qc7 18. Bf4 Re5 19. Bxe5 dxe5 20.
d6 Qc8 21. Nxe5 Bxh3 22. d7 Bxd7 23. Nxd7 Qxd7 24. e5 Qxd1 25. Rfxd1 Ne8 26. f4 Nac7 27. Rd7 b5 28. Rad1 Ne6 29. Ne2 f6 30. Bd5 1-0

[Event "Late-Titled-Tuesday-Blitz-June-18-2024"]
[Site "Chess.com"]
[Date "2024.06.18"]
[Round "1"]
[White "ljm509"]
[Black "chesselephant"]
[Result "0-1"]
[WhiteElo "2010"]
[BlackElo "2548"]
[TimeControl "180+1"]
[EndTime "14:04:11 PDT"]
[Termination "chesselephant won by resignation"]

1. e4 e5 2. Nf3 Nc6 3. Bc4 Nf6 4. d3 Be7 5. O-O O-O 6. Re1 d6 7. a4 Be6 8. Nbd2 Qd7 9. c3 Rfe8 10. b4 a6 11. Nf1 Bxc4 12. dxc4 Nd8 13. h3 Ne6 14. Ne3 c6 15. Qc2 g6 16. Rd1 Qc7 17. a5 Rad8 18.
Ng4 Nxg4 19. hxg4 Bf6 20. g5 Be7 21. Be3 Rd7 22. g3 Qd8 23. Qd2 f5 24. Nxe5 Rc7 25. Nf3 fxe4 26. Nh2 Bxg5 27. Kg2 Bxe3 28. Qxe3 Ng7 29. Ng4 Nf5 30. Qf4 Rf7 31. Ra2 Nh4+ 32. gxh4 Rxf4 0-1

[Event "Late-Titled-Tuesday-Blitz-June-18-2024"]
[Site "Chess.com"]
[Date "2024.06.18"]
[Round "1"]
[White "cedchass2006"]
[Black "aeiiuu"]
[Result "0-1"]
[WhiteElo "2330"]
[BlackElo "2641"]
[TimeControl "180+1"]
[EndTime "14:04:13 PDT"]
[Termination "aeiiuu won by resignation"]

1. e4 c5 2. Nf3 e6 3. g3 d5 4. exd5 exd5 5. d4 Nf6 6. Bg2 Nc6 7. O-O Be7 8. Nc3 O-O 9. Be3 c4 10. Bf4 Bb4 11. Bd2 Bxc3 12. Bxc3 Ne4 13. Bd2 Qb6 14. Bc3 Bg4 15. h3 Bxf3 16. Bxf3 Rfe8 17. Re1 f5 18. Re3 Rf8 19. Re1 Rae8 20. Rb1 f4 21. Bxe4 dxe4 22. d5 fxg3 23. Re2 Rxf2 0-1

[Event "Late-Titled-Tuesday-Blitz-June-18-2024"]
[Site "Chess.com"]
[Date "2024.06.18"]
[Round "1"]
[White "Kimkibo"]
[Black "Mikhail_Bryakin"]
[Result "1-0"]
[WhiteElo "2452"]
[BlackElo "2766"]
[TimeControl "180+1"]
[EndTime "14:04:21 PDT"]
[Termination "Kimkibo won by resignation"]

1. d4 Nc6 2. c4 e5 3. d5 Nce7 4. e4 Ng6 5. Be3 Nf6 6. Nc3 Bb4 7. f3 d6 8. Qa4+ c6 9. Qxb4 O-O 10. dxc6 bxc6 11.
O-O-O c5 12. Qb3 Be6 13. Bxc5 Rb8 14. Qa3 Ne8 15. Nh3 Qc8 16. Be3 Bxc4 17. Bxc4 Qxc4 18. Qa4 Rb4 19. Qxa7 Nf6 20. Rxd6 Rfb8 21. Qc5 Qa6 22. Rxa6 1-0

[Event "Late-Titled-Tuesday-Blitz-June-18-2024"]
[Site "Chess.com"]
[Date "2024.06.18"]
[Round "1"]
[White "Jimonios"]
[Black "PapaieDudu"]
[Result "1-0"]
[WhiteElo "2658"]
[BlackElo "2355"]
[TimeControl "180+1"]
[EndTime "14:04:31 PDT"]
[Termination "Jimonios won by resignation"]

1. Nf3 d5 2. e3 e6 3. b3 Nf6 4.
Bb2 Be7 5. c4 O-O 6. Nc3 b6 7.
cxd5 exd5 8. d4 Bb7 9. Bd3 Ne4 10. Qc2 f5 11. O-O Nd7 12. Ne2 Ndf6 13. Nf4 Qd7 14. Ne5 Qd6 15. f3 g5 16. Ne2 Qb4 17. a3 Qd2 18. fxe4 Qxe3+ 19. Kh1 fxe4 20. Bb5 Bd6 21. Bc1 Ng4 22. Rxf8+ Rxf8 23. Bxe3 Nxe3 24. Qd2 Nf1 25. Qxg5+ Kh8 26. Nf4 Bc8 27. Nfg6+ hxg6 28. Qh6+ Kg8 29. Qxg6+ Kh8 30. Nf7+ Rxf7 31. Qxf7 e3 32. Bd3 Bf5 33.
Bxf5 Ng3+ 34. hxg3 1-0

[Event "Late-Titled-Tuesday-Blitz-June-18-2024"]
[Site "Chess.com"]
[Date "2024.06.18"]
[Round "1"]
[White "AleksandraMilovic"]
[Black "dabee"]
[Result "0-1"]
[WhiteElo "2034"]
[BlackElo "2551"]
[TimeControl "180+1"]
[EndTime "14:04:32 PDT"]
[Termination "dabee won by resignation"]

1. d4 e6 2. e4 d5 3. e5 c5 4. c3 Nc6 5. Nf3 Nh6 6. Bxh6 gxh6 7. a3 Bg7 8. b4 cxd4 9. cxd4 O-O 10. Bd3 f6 11.
O-O fxe5 12. dxe5 Nxe5 13. Nxe5 Bxe5 14. Ra2 Bf6 15. Nd2 e5 16. Be2 Be6 17. Bg4 Bf7 18.
Bf5 Kh8 19. Qc2 e4 20. Raa1 Bxa1 21. Rxa1 Qf6 0-1

[Event "Late-Titled-Tuesday-Blitz-June-18-2024"]
[Site "Chess.com"]
[Date "2024.06.18"]
[Round "1"]
[White "vladislavkovalev"]
[Black "kleber2007"]
[Result "1-0"]
[WhiteElo "2855"]
[BlackElo "2479"]
[TimeControl "180+1"]
[EndTime "14:04:33 PDT"]
[Termination "vladislavkovalev won by resignation"]

1. e4 c5 2. Nf3 d6 3. Bb5+ Nd7 4.
O-O a6 5. Bd3 Ngf6 6. c3 b5 7.
a4 c4 8. Be2 Bb7 9. axb5 axb5 10. Rxa8 Qxa8 11. Na3 Qa5 12. d3 cxd3 13. Bxd3 b4 14. Nc4 Qc7 15. cxb4 Bxe4 16. Re1 Bxd3 17. Qxd3 d5 18. Nce5 Nxe5 19. Nxe5 e6 20. Qb5+ Nd7 21. Bf4 Bd6 22. Rc1 1-0

[Event "Late-Titled-Tuesday-Blitz-June-18-2024"]
[Site "Chess.com"]
[Date "2024.06.18"]
[Round "1"]
[White "Flawless_Fighter"]
[Black "sudtirolese06"]
[Result "1-0"]
[WhiteElo "2810"]
[BlackElo "2457"]
[TimeControl "180+1"]
[EndTime "14:04:33 PDT"]
[Termination "Flawless_Fighter won by resignation"]

1. d4 Nf6 2. Nf3 e6 3. g3 b6 4.
Bg2 Bb7 5. O-O Be7 6. c4 O-O 7.
Nc3 d5 8. Ne5 Na6 9. Bf4 c5 10.
cxd5 exd5 11. dxc5 bxc5 12. Qa4 Bd6 13. Rfd1 Nc7 14.
Nc6 Bxc6 15. Qxc6 Bxf4 16. gxf4 d4 17. Qxc5 Ne6 18. Qe5 Qb6 19. Nd5 Nxd5 20. Bxd5 Qxb2 21. Bxa8 Rxa8 22. f5 Ng5 23. h4 Nh3+ 24. Kg2 Qc3 25.
Qxd4 1-0

[Event "Late-Titled-Tuesday-Blitz-June-18-2024"]
[Site "Chess.com"]
[Date "2024.06.18"]
[Round "1"]
[White "ValeriyGrinev"]
[Black "katharinareinecke"]
[Result "1-0"]
[WhiteElo "2552"]
[BlackElo "2051"]
[TimeControl "180+1"]
[EndTime "14:04:36 PDT"]
[Termination "ValeriyGrinev won by checkmate"]

1. d4 d5 2. c4 e6 3. Nf3 c6 4. e3 Nf6 5. Nbd2 Be7 6. Bd3 dxc4 7.
Nxc4 O-O 8. O-O Nbd7 9. b3 b5 10.
Ncd2 a6 11. a4 Bb7 12. Bb2 b4 13. Rc1 c5 14. Qe2 cxd4 15. Bxd4 Bd6 16. Nc4 Bb8 17. Rfd1 Bxf3 18. Qxf3 e5 19. Qxa8 exd4 20. Qxa6 Nc5 21. Qc6 Nxb3 22. Rb1 Na5 23. Nxa5 Qxa5 24. exd4 Nd5 25. Re1 Nc3 26. Rbc1 Qh5 27. h3 Rd8 28. Re8+ Rxe8 29. Qxe8# 1-0

[Event "Late-Titled-Tuesday-Blitz-June-18-2024"]
[Site "Chess.com"]
[Date "2024.06.18"]
[Round "1"]
[White "koncheto"]
[Black "Chessbard1972"]
[Result "1-0"]
[WhiteElo "2621"]
[BlackElo "2287"]
[TimeControl "180+1"]
[EndTime "14:04:43 PDT"]
[Termination "koncheto won by resignation"]

1. e4 e5 2. Nf3 Nc6 3. Bc4 Bc5 4. c3 Nf6 5. d3 d6 6. O-O h6 7.
Nbd2 Bb6 8. Re1 O-O 9. h3 Ne7 10. Nf1 Ng6 11. Ng3 c6 12. Bb3 Be6 13. Bc2 Qd7 14. d4 Qc8 15. Be3 Nf4 16. dxe5 dxe5 17.
Nxe5 Bxe3 18. Rxe3 Bxh3 19. gxh3 Qxh3 20. Qf3 N6h5 21.
Nxh5 Qxf3 22. Rxf3 Nxh5 23. Nxf7 Nf6 24. Nd6 Rad8 25. e5 Nd5 26. Rxf8+ Rxf8 27. Bb3 Kh7 28.
Bxd5 cxd5 29. e6 1-0

[Event "Late-Titled-Tuesday-Blitz-June-18-2024"]
[Site "Chess.com"]
[Date "2024.06.18"]
[Round "1"]
[White "geychess"]
[Black "GlavkonVVS"]
[Result "0-1"]
[WhiteElo "1931"]
[BlackElo "2541"]
[TimeControl "180+1"]
[EndTime "14:04:43 PDT"]
[Termination "GlavkonVVS won by resignation"]

1. e4 c5 2. Nf3 d6 3. d4 cxd4 4. Qxd4 Nc6 5. Bb5 e5 6. Qd3 Nf6 7. c4 Be7 8. Nc3 O-O 9. Bxc6 bxc6 10. O-O Be6 11. b3 Nd7 12. Be3 f5 13. exf5 Bxf5 14.
Qd2 h6 15. h3 Bxh3 16. Nh2 Bf5 17. f3 Qe8 18. Rad1 Qg6 19. Rf2 a5 20. Nf1 Nf6 21.
Ne2 d5 22. Neg3 Be6 23. c5 d4 24. Bxd4 exd4 25. Qxd4 Bd5 26. Ne2 Nd7 27. Nf4 Rxf4 28.
Qxf4 Bxc5 29. Ne3 Re8 30. Nxd5 cxd5 31. Rxd5 Re1+ 32. Kh2 Bxf2 33. Rxd7 Qh5+ 0-1

[Event "Late-Titled-Tuesday-Blitz-June-18-2024"]
[Site "Chess.com"]
[Date "2024.06.18"]
[Round "1"]
[White "kinga2008"]
[Black "LUISMIGUELOV"]
[Result "1-0"]
[WhiteElo "2581"]
[BlackElo "2181"]
[TimeControl "180+1"]
[EndTime "14:04:53 PDT"]
[Termination "kinga2008 won by checkmate"]

1. e4 c6 2. Nc3 d5 3. Nf3 Nf6 4. e5 Ne4 5. Nxe4 dxe4 6. Ng5 Bf5 7. e6 fxe6 8. Bc4 b5 9. Bxe6 Bxe6 10. Nxe6 Qd7 11. Qg4 g6 12. Qxe4 Bh6 13. Qe5 Kf7 14.
Nc7 Rc8 15. Nxa8 Na6 16. d4 Rxa8 17. Bxh6 Nc7 18. Qg7+ Ke6 19. O-O Nd5 20. Rfe1+ Kd6 21. Qe5# 1-0

[Event "Late-Titled-Tuesday-Blitz-June-18-2024"]
[Site "Chess.com"]
[Date "2024.06.18"]
[Round "1"]
[White "SharathRk6"]
[Black "BirdMaster3000"]
[Result "0-1"]
[WhiteElo "2438"]
[BlackElo "2782"]
[TimeControl "180+1"]
[EndTime "14:04:55 PDT"]
[Termination "BirdMaster3000 won by resignation"]

1. e4 c5 2. Nf3 e6 3. d4 cxd4 4. Nxd4 Nc6 5. Nc3 Qc7 6. Be3 a6 7. Qf3 Nf6 8. O-O-O Ne5 9. Qg3 b5 10. f4 Neg4 11. Bg1 h5 12. e5 b4 13. Na4 Nd5 14. h3 Nh6 15. b3 d6 16. exd6 Bxd6 17. Qxg7 Rg8 18. Qh7 Bxf4+ 19. Kb1 e5 20. Bc4 exd4 21. Bxd4 Bf5 22. Rhe1+ Ne7 23. Bxf7+ Kf8 24. Qxf5 Nhxf5 25. Bxg8 Kxg8 26. Bf6 Rd8 27. Rxd8+ Qxd8 28. Nb2 0-1

[Event "Late-Titled-Tuesday-Blitz-June-18-2024"]
[Site "Chess.com"]
[Date "2024.06.18"]
[Round "1"]
[White "NailBashirli"]
[Black "safikiet"]
[Result "0-1"]
[WhiteElo "2737"]
[BlackElo "2444"]
[TimeControl "180+1"]
[EndTime "14:04:55 PDT"]
[Termination "safikiet won by checkmate"]

1. e4 e5 2. Nc3 Nf6 3. Nf3 Nc6 4. Bb5 Bb4 5. O-O O-O 6. d3 Bxc3 7. bxc3 d6 8. Bg5 Qe7 9. Re1 Nd8 10. d4 Bg4 11. h3 Bh5 12. g4 Bg6 13. Bd3 h6 14. Bh4 Re8 15. Nd2 Ne6 16. d5 Nf4 17. Kh2 h5 18. g5 Nd7 19. Nf1 Nc5 20. Ng3 Ncxd3 21. cxd3 Qd7 22. Nf5 Bxf5 23. exf5 Qxf5 24. Re3 Nxd5 25. Rf3 Nf4 26. Qd2 b6 27. Rg1 g6 28. Bg3 Qxh3# 0-1

[Event "Late-Titled-Tuesday-Blitz-June-18-2024"]
[Site "Chess.com"]
[Date "2024.06.18"]
[Round "1"]
[White "ckgchess"]
[Black "colegiodemadrid"]
[Result "1-0"]
[WhiteElo "2876"]
[BlackElo "2481"]
[TimeControl "180+1"]
[EndTime "14:04:57 PDT"]
[Termination "ckgchess won by resignation"]

1. e4 c5 2. c3 Nf6 3. e5 Nd5 4.
d4 cxd4 5. Bc4 Nb6 6. Bb3 d5 7.
cxd4 Nc6 8. Bc2 Nb4 9. Nc3 Nxc2+ 10. Qxc2 Bg4 11. Nge2 e6 12. Ng3 Qh4 13. h3 Bh5 14. O-O Be7 15. Kh2 Bg6 16. Qd1 O-O 17. f4 Rac8 18.
f5 exf5 19. Rf4 Qh6 20. Rxf5 Qh4 21. Rf4 Qh6 22. Rg4 1-0

[Event "Late-Titled-Tuesday-Blitz-June-18-2024"]
[Site "Chess.com"]
[Date "2024.06.18"]
[Round "1"]
[White "MagnusCarlsen"]
[Black "2346PL"]
[Result "1-0"]
[WhiteElo "3187"]
[BlackElo "2533"]
[TimeControl "180+1"]
[EndTime "14:04:58 PDT"]
[Termination "MagnusCarlsen won by resignation"]

1. e4 e5 2. Nf3 Nf6 3. Nxe5 Nxe4 4. Qe2 Qe7 5. Qxe4 d6 6. d4 dxe5 7. dxe5 Nc6 8. Nc3 Qxe5 9. Qxe5+ Nxe5 10. Bf4 Bd6 11.
Bg3 h5 12. Nb5 h4 13. Nxd6+ cxd6 14. Bf4 Bf5 15. O-O-O O-O-O 16. h3 f6 17. Rd4 g5 18. Be3 Kc7 19. Be2 a6 20. Rhd1 b5 21. a4 Nc6 22.
axb5 axb5 23. Rd5 Be4 24. Rxb5 Rb8 25. f3 Rxb5 26. Bxb5 Rb8 27. fxe4 Rxb5 28. Rf1 Re5 29. Rxf6 Rxe4 30. Kd2 g4 31. Rf4 Rxf4 32. Bxf4 Nd4 33. hxg4 Kd7 34. Kd3 1-0

[Event "Late-Titled-Tuesday-Blitz-June-18-2024"]
[Site "Chess.com"]
[Date "2024.06.18"]
[Round "1"]
[White "NowInChess"]
[Black "subham777"]
[Result "0-1"]
[WhiteElo "2239"]
[BlackElo "2611"]
[TimeControl "180+1"]
[EndTime "14:04:58 PDT"]
[Termination "subham777 won by resignation"]

1. e4 e6 2. d3 c5 3. g3 Nc6 4.
Bg2 d6 5. f4 g6 6. Nf3 Bg7 7. O-O Nge7 8. c3 O-O 9. Be3 e5 10. f5 gxf5 11. Nh4 fxe4 12. dxe4 f5 13. exf5 Nxf5 14. Bd5+ Kh8 15. Qh5 Nxh4 16. Rxf8+ Qxf8 17. Qxh4 Ne7 18. Be4 Bf5 19. Nd2 Bxe4 20. Nxe4 Nf5 21. Qg5 Bh6 22. Rf1 Bxg5 23. Bxg5 Qf7 24. Bf6+ Kg8 25.
Rxf5 Qxa2 26. Rg5+ Kf7 27. Rg7+ Ke6 28. Re7+ Kf5 0-1

[Event "Late-Titled-Tuesday-Blitz-June-18-2024"]
[Site "Chess.com"]
[Date "2024.06.18"]
[Round "1"]
[White "BilodeauA"]
[Black "jlf287"]
[Result "1-0"]
[WhiteElo "3003"]
[BlackElo "2509"]
[TimeControl "180+1"]
[EndTime "14:04:59 PDT"]
[Termination "BilodeauA won by resignation"]

1. e4 e5 2. Nf3 Nc6 3. Bc4 Nf6 4. d3 Bc5 5. Nc3 d6 6. a4 h6 7. h3 a6 8. Be3 O-O 9. Bxc5 dxc5 10.
Nd5 Be6 11. Ne3 Bxc4 12. Nxc4 Re8 13. a5 Nd7 14. O-O Nf8 15. Ne3 Qd7 16. Nd2 Rad8 17. Ndc4 Ne6 18. Qg4 Ned4 19. Qxd7 Rxd7 20. g3 f6 21. Kg2 Red8 22. f4 Rb8 23. fxe5 Nxe5 24. Nxe5 fxe5 25. Rf2 Rf7 26. Raf1 Rxf2+ 27. Rxf2 b6 28.
axb6 cxb6 29. Nc4 Nc6 30. Rf5 b5 31. Nxe5 Nd4 32. Rf2 Re8 33. Nf3 Nxf3 34. Kxf3 Kf7 35. Ke3+ Ke6 36. c3 Rc8 37. h4 g5 38. hxg5 hxg5 39. Rf5 g4 40. Rg5 b4 41. Rxg4 bxc3 42. bxc3 Ra8 43. Rg6+ Kd7 44. Kd2 a5 45. Kc2 a4 46.
Kb2 Rb8+ 47. Kc2 a3 48. Ra6 Rb2+ 49. Kc1 Rb3 50. Kd2 Rb2+ 51. Ke3 a2 52. d4 c4 53. d5 Rg2 54. Kd4 1-0

[Event "Late-Titled-Tuesday-Blitz-June-18-2024"]
[Site "Chess.com"]
[Date "2024.06.18"]
[Round "1"]
[White "A4RookA3"]
[Black "Aswathchess"]
[Result "0-1"]
[WhiteElo "2430"]
[BlackElo "2763"]
[TimeControl "180+1"]
[EndTime "14:05:00 PDT"]
[Termination "Aswathchess won by resignation"]

1. d4 Nf6 2. Bf4 d6 3. Nc3 c6 4.
e4 Qb6 5. Rb1 e5 6. dxe5 dxe5 7. Be3 Bc5 8. Bxc5 Qxc5 9. Be2 O-O 10. Nf3 b5 11. a3 a5 12. Qd3 Bg4 13. h3 Bxf3 14. Qxf3 Nbd7 15. O-O Rfe8 16. Rfd1 Nf8 17. Bd3 Ne6 18. Ne2 b4 19. Ra1 Red8 20. Ra2 Ng5 21. Qe3 Qxe3 22. fxe3 Ngxe4 23. axb4 axb4 24. Rda1 Rxa2 25.
Rxa2 b3 26. Ra3 Nc5 27. Nc1 e4 28. Be2 bxc2 29. Rc3 Rd1+ 30. Kf2 0-1

[Event "Late-Titled-Tuesday-Blitz-June-18-2024"]
[Site "Chess.com"]
[Date "2024.06.18"]
[Round "1"]
[White "wonderfultime"]
[Black "ploxoi"]
[Result "1-0"]
[WhiteElo "3034"]
[BlackElo "2514"]
[TimeControl "180+1"]
[EndTime "14:05:01 PDT"]
[Termination "wonderfultime won by resignation"]

1. d4 d5 2. Nf3 Nf6 3. Bf4 c5 4. c3 Nc6 5. e3 Qb6 6. Qc2 g6 7.
Nbd2 Bf5 8. dxc5 Qxc5 9. Qb3 Na5 10. Bb5+ Bd7 11. Bxd7+ Nxd7 12. Qa4 Nc6 13. O-O Bg7 14. e4 O-O 15. exd5 Qxd5 16. Rad1 Nb6 17. Qb3 Qf5 18. Be3 Nd5 19. Nc4 Rab8 20. a4 Rfd8 21. h3 Qe6 22. Ncd2 Na5 23. Qa2 Rbc8 24. Rfe1 Nf4 25. Qxe6 Nxe6 26. Bxa7 Rd7 27. Bb6 Nc6 28. Nb3 Rxd1 29. Rxd1 Nf4 30. Rd7 Rb8 31. Bc7 1-0

[Event "Late-Titled-Tuesday-Blitz-June-18-2024"]
[Site "Chess.com"]
[Date "2024.06.18"]
[Round "1"]
[White "js20000"]
[Black "NigelDwarf"]
[Result "1-0"]
[WhiteElo "2790"]
[BlackElo "2445"]
[TimeControl "180+1"]
[EndTime "14:05:01 PDT"]
[Termination "js20000 won by resignation"]

1. e4 c5 2. Nf3 d6 3. c3 Nf6 4. h3 g6 5. Bd3 Bg7 6. Bc2 O-O 7. d4 cxd4 8. cxd4 Nc6 9. O-O e5 10.
d5 Nb4 11. Bb3 Nxe4 12. Qe1 Nxf2 13. Qxb4 Nd3 14. Qe4 Nxc1 15. Rxc1 Bf5 16. Qe3 e4 17. Nd4 Qh4 18. Nc3 Bh6 19. Qe1 Qf6 20. Rd1 Rae8 21.
Nxf5 Qxf5 22. Bc2 Qe5 23. Qxe4 Be3+ 24. Kh1 Qg5 25. Qf3 f5 26. Ba4 Re5 27. Bd7 Bf4 28.
Re1 1-0